 Dungeon Sprint DCSS version 0.31-a0-889-g1a8549509d (webtiles) character file.

Game seed: 3788811874564485033

34454 sircluck the Brawler (level 13, -18/222 (231) HPs)
             Began as a Troll Berserker on Oct 16, 2023.
             Was a Priest of Trog.
             Killed from afar by an ancient lich (26 damage)
             ... with a bolt of acid
             ... in the Dungeon (Sprint VII: "The Pits").
             The game lasted 00:12:09 (2794 turns).

sircluck the Brawler (Troll Berserker)              Turns: 2794, Time: 00:12:10

HP:   -18/222 (231) AC: 13    Str: 32    XL:     13   Next: 42%
MP:   12/12         EV: 11    Int:  3    God:    Trog [***...]
Gold: 28            SH:  0    Dex: 12    Spells: 12/12 levels left

rFire   + .          .
                       - Unarmed
rCold   + . .        (no shield)
rNeg    . . .        q - +0 swamp dragon scales
rPois   +            (helmet restricted)
rElec   .            v - scarf {rC+ rF+}
rCorr   .            (gloves unavailable)
SInv    .            (boots unavailable)
Will    .....        (no amulet) Stlth
                     m - +3 ring of dexterity
HPRegen 1.37/turn    p - +3 ring of evasion
MPRegen 0.13/turn

%: no teleportation
@: mighty, berserking, petrifying (expiring), hasted, glowing, lightly drained,
invisible (but backlit and visible), quick
A: large, unfitting armour, claws 3, regeneration 1, shaggy fur 1, tough skin 1
a: Renounce Religion, Berserk, Trog's Hand


You were in the Dungeon.
You worshipped Trog.
Trog was most pleased with you.
You visited 1 branch You collected 28 gold pieces.

Inventory:

Missiles
 k - 20 stones
Armour
 a - a +0 animal skin
 l - +0 steam dragon scales
 q - +0 swamp dragon scales (worn)
 v - a scarf of resistance (worn)
 G - a +0 cloak
Jewellery
 m - a +3 ring of dexterity (left claw)
 p - a +3 ring of evasion (right claw)
 r - a ring of fire
 t - a ring of protection from fire
 w - a ring of ice
 E - a ring of ice
 F - the amulet "Eddyedghi" {Regen+ Dex+3}
   (You took it off a spriggan defender in the Dungeon)

   [amulet of regeneration]

   Dex+3:     It affects your dexterity (+3).
   Regen+:    It increases your rate of health regeneration.
Wands
 s - a wand of digging (5)
 D - a wand of mindburst (8)
Scrolls
 g - 4 scrolls of identify
 i - 2 scrolls of vulnerability
 j - a scroll of butterflies
 u - a scroll of acquirement
 y - 2 scrolls of fear
 z - a scroll of blinking
 B - 2 scrolls of enchant armour
 C - 2 scrolls of enchant weapon
Potions
 b - 9 potions of curing
 c - 2 potions of heal wounds
 d - 2 potions of haste
 e - 4 potions of magic
 f - 5 potions of berserk rage
 h - a potion of invisibility
 n - a potion of might
 o - 2 potions of mutation
 x - a potion of enlightenment


   Skills:
 + Level 16.3 Fighting
 + Level 14.5 Armour
 + Level 16.3 Dodging
 + Level 19.1 Unarmed Combat


You had 12 spell levels left.
You didn't know any spells.
Your spell library was empty.

Dungeon Overview and Level Annotations

Branches:
Dungeon (1/1)

Altars:
Ashenzari
Cheibriados
Dithmenos
Elyvilon
Fedhas
Gozag
Hepliaklqana
Kikubaaqudgha
Makhleb
Nemelex Xobeh
Okawaru
Qazlal
Ru
Sif Muna
Trog
Uskayaw
Vehumet
Wu Jian
Xom
Yredelemnul
Zin
The Shining One
Jiyva
Lugonu


Innate Abilities, Weirdness & Mutations

You are too large for most types of armour.
You have claws for hands.
Your natural rate of healing is unusually fast.
You are covered in fur. (AC +1)
You have tough skin. (AC +1)


Message History

The ancient lich is lightly damaged.
The ancient lich points at you and mumbles some strange words.
The crystal spear hits you!!!!
* * * LOW HITPOINT WARNING * * *
Unknown command.
Unknown command.
Unknown command.
Unknown command.
You mangle the ancient lich!!
The ancient lich is heavily damaged.
The deep elf annihilator seems less brilliant.
The deep elf high priest mumbles some strange prayers to its god.
The deep elf high priest begins emitting a brilliant aura!
The deep elf annihilator is empowered by the deep elf high priest's aura!
The ophan harnesses the cleansing power of fire!
The bolt of fire misses you.
The deep elf annihilator mumbles some strange words.
The deep elf annihilator blinks!
The ancient lich touches you.
* * * LOW HITPOINT WARNING * * *
You feel drained.
Your limbs are stiffening.
Unknown command.
Unknown command.
Unknown command.
Unknown command.
You claw the ancient lich!
The ancient lich is heavily damaged.
The ancient lich touches you.
* * * LOW HITPOINT WARNING * * *
You feel drained.
The vampire mage gestures wildly while chanting.
The vampire mage flickers and vanishes for a moment.
The deep elf annihilator hits you but does no damage.
Unknown command.
Unknown command.
Unknown command.
You barely miss the ancient lich.
The ancient lich is heavily damaged.
The ancient lich points at you and mumbles some strange words.
The bolt of acid hits you!!!
You die...

#+# #.# #'#
###################'#
.......).......§eG§.#
.....).........§@LV.#
##++##############qd#
#§.# #.G# #..# #q.#
#e.# #.e# #e.#


You could see a green draconian monk, an ancient lich (fast, empowered,
invisible), a yellow draconian, an ophan, a deep elf annihilator (empowered) and
a vampire mage (empowered, invisible).

Vanquished Creatures
  Khufu (D)
  A death cob (D)
  An acid blob (D)
  A nagaraja (D)
  A ghost moth (D)
  A minotaur (D)
  A great orb of eyes (D)
  An alligator snapping turtle (D)
  2 merfolk avatars (D)
  A two-headed ogre (D)
  A sun demon (D)
  A shadow wraith (D)
  A flayed ghost (D)
  A spriggan druid (D)
  A bog body (D)
  A phantasmal warrior (D)
  3 orc knights (D)
  2 deep elf pyromancers (D)
  An elephant (D)
  A black mamba (D)
  A cane toad (D)
  A gargoyle (D)
  An orange demon (D)
  An eye of devastation (D)
  A kobold demonologist (D)
  An efreet (D)
  A freezing wraith (D)
  3 red devils (D)
  An ice devil (D)
  A guardian mummy (D)
  A troll (D)
  A merfolk (D)
  2 wind drakes (D)
  3 blink frogs (D)
  3 tarantellas (D)
  A tyrant leech (D)
  A flying skull (D)
  A vampire (D)
  A ynoxinul (D)
  A water elemental (D)
  4 wraiths (D)
  A redback (D)
  A steam dragon (D)
  2 vampire mosquitoes (D)
  A warg (D)
  A naga (D)
  4 hell hounds (D)
  3 floating eyes (D)
  A black bear (D)
  An ogre (D)
  5 wolves (D)
  3 centaurs (D)
  3 kobold brigands (D)
  A phantom (D)
  A bullfrog (D)
  A necrophage (D)
  5 killer bees (D)
  A crimson imp (D)
  A quasit (D)
  A hound (D)
  2 hell rats (D)
  2 adders (D)
  A river rat (D)
  An ufetubus (D)
  An adder zombie (D)
  A worm (D)
  2 orcs (D)
  A bat zombie (D)
  An endoplasm (D)
  2 jackals (D)
  4 kobolds (D)
  2 ball pythons (D)
  A ball python zombie (D)
  3 bats (D)
  A frilled lizard (D)
  2 goblins (D)
119 creatures vanquished.

Vanquished Creatures (collateral kills)
  A lich (D)
  A sphinx (D)
  A spriggan defender (D)
  2 green draconians (D)
  Josephine (D)
  A deep elf high priest (D)
  A swamp dragon (D)
  A merfolk siren (D)
  2 naga magi (D)
  A freezing wraith (D)
  A wandering mushroom (D)
  2 blink frogs (D)
  A shadow (D)
  A wraith (D)
  A naga (D)
  2 wolves (D)
20 creatures vanquished.

Vanquished Creatures (others)
  2 orcs (D)
2 creatures vanquished.

Grand Total: 141 creatures vanquished

Notes
Turn   | Place    | Note
-------+----------+-------------------------------------------
     0 | D        | sircluck the Troll Berserker began the quest for the Orb.
     0 | D        | Reached XP level 1. HP: 22/22 MP: 0/0
    46 | D        | Found a bloodstained altar of Trog.
    46 | D        | Found a shimmering blue altar of Sif Muna.
    46 | D        | Found a viscous altar of Jiyva.
    46 | D        | Found a hazy altar of Hepliaklqana.
    46 | D        | Found an opulent altar of Gozag.
    47 | D        | Found a glowing golden altar of the Shining One.
    47 | D        | Found a glowing silver altar of Zin.
    47 | D        | Found a basalt altar of Yredelemnul.
    47 | D        | Found a shimmering altar of Xom.
    47 | D        | Found an ornate altar of the Wu Jian Council.
    47 | D        | Found a sacrificial altar of Ru.
    47 | D        | Found a stormy altar of Qazlal.
    47 | D        | Found an iron altar of Okawaru.
    47 | D        | Found a sparkling altar of Nemelex Xobeh.
    47 | D        | Found a burning altar of Makhleb.
    47 | D        | Found a blossoming altar of Fedhas.
    47 | D        | Found a white marble altar of Elyvilon.
    47 | D        | Found a shadowy altar of Dithmenos.
    47 | D        | Found a snail-covered altar of Cheibriados.
    50 | D        | Found a corrupted altar of Lugonu.
    50 | D        | Found a radiant altar of Vehumet.
    51 | D        | Found an ancient bone altar of Kikubaaqudgha.
    51 | D        | Found a hide-covered altar of Uskayaw.
    51 | D        | Found a broken altar of Ashenzari.
    95 | D        | Reached ** piety under Trog
   105 | D        | Noticed a floating eye
   106 | D        | Noticed a floating eye
   109 | D        | Paralysed by a floating eye for 4 turns
   113 | D        | Reached *** piety under Trog
   117 | D        | Paralysed by a floating eye for 3 turns
   124 | D        | Reached skill level 4 in Unarmed Combat
   124 | D        | Reached XP level 2. HP: 22/31 MP: 1/1
   126 | D        | Killed a floating eye
   126 | D        | Paralysed by a floating eye for 2 turns
   127 | D        | Reached skill level 5 in Fighting
   127 | D        | Reached skill level 5 in Dodging
   127 | D        | Reached skill level 6 in Unarmed Combat
   127 | D        | Reached XP level 3. HP: 30/42 MP: 2/2
   127 | D        | Reached XP level 4. HP: 36/50 MP: 3/3
   129 | D        | Killed a floating eye
   130 | D        | Reached skill level 7 in Unarmed Combat
   130 | D        | Reached XP level 5. HP: 42/59 MP: 4/4
   190 | D        | Noticed a phantom
   200 | D        | Reached **** piety under Trog
   209 | D        | Killed a phantom
   210 | D        | Reached XP level 6. HP: 64/68 MP: 5/5
   230 | D        | Reached skill level 8 in Unarmed Combat
   234 | D        | Reached ***** piety under Trog
   265 | D        | Noticed a steam dragon
   270 | D        | Killed a steam dragon
   271 | D        | Reached skill level 9 in Unarmed Combat
   271 | D        | Reached XP level 7. HP: 60/79 MP: 6/6
   293 | D        | Received a gift from Trog
   296 | D        | Reached skill level 1 in Armour
   305 | D        | Reached skill level 10 in Unarmed Combat
   405 | D        | Noticed a tarantella
   419 | D        | Killed a tarantella
   420 | D        | Reached XP level 8. HP: 45/91 MP: 7/7
   423 | D        | Received a gift from Trog
   498 | D        | Noticed a red devil
   507 | D        | Killed a red devil
   547 | D        | Noticed a blink frog
   547 | D        | Noticed a blink frog
   547 | D        | Noticed a blink frog
   547 | D        | Noticed a blink frog
   547 | D        | Noticed a swamp dragon
   549 | D        | Killed a blink frog
   550 | D        | Reached skill level 5 in Armour
   550 | D        | Reached skill level 11 in Unarmed Combat
   552 | D        | Killed a swamp dragon
   553 | D        | Reached XP level 9. HP: 97/101 MP: 8/8
   554 | D        | Reached skill level 10 in Fighting
   554 | D        | Reached skill level 10 in Dodging
   556 | D        | Reached skill level 12 in Unarmed Combat
   563 | D        | Received a gift from Trog
   595 | D        | Noticed an alligator snapping turtle
   595 | D        | Noticed an acid blob
   596 | D        | Noticed a sphinx
   611 | D        | Killed an acid blob
   612 | D        | Reached XP level 10. HP: 37/113 MP: 9/9
   612 | D        | Killed a sphinx
   613 | D        | Reached skill level 13 in Unarmed Combat
   624 | D        | Killed an alligator snapping turtle
   667 | D        | Noticed a flayed ghost
   683 | D        | Killed a flayed ghost
   684 | D        | Reached skill level 14 in Unarmed Combat
   748 | D        | Received a gift from Trog
   802 | D        | Noticed an eye of devastation
   809 | D        | Killed an eye of devastation
   967 | D        | Noticed Khufu
   978 | D        | Killed Khufu
   979 | D        | Reached skill level 10 in Armour
   979 | D        | Reached skill level 15 in Unarmed Combat
   979 | D        | Reached XP level 11. HP: 77/127 MP: 10/10
  1118 | D        | Noticed Josephine
  1139 | D        | Killed Josephine
  1142 | D        | Reached ****** piety under Trog
  1144 | D        | Received a gift from Trog
  1414 | D        | Received a gift from Trog
  1428 | D        | Noticed a phantasmal warrior
  1428 | D        | Noticed a great orb of eyes
  1436 | D        | Killed a phantasmal warrior
  1439 | D        | Received a gift from Trog
  1446 | D        | Killed a great orb of eyes
  1447 | D        | Reached skill level 16 in Unarmed Combat
  1449 | D        | Noticed a spriggan druid
  1454 | D        | Killed a spriggan druid
  1539 | D        | Noticed an orc knight
  1545 | D        | Reached XP level 12. HP: 139/139 MP: 11/11
  1547 | D        | Received a gift from Trog
  1661 | D        | Noticed a two-headed ogre
  1678 | D        | Killed a two-headed ogre
  1681 | D        | Received a gift from Trog
  1862 | D        | Received a gift from Trog
  1872 | D        | Reached skill level 17 in Unarmed Combat
  2043 | D        | Received a gift from Trog
  2205 | D        | Noticed a green draconian
  2206 | D        | Noticed a death cob
  2207 | D        | Noticed a green draconian
  2218 | D        | Killed a ghost moth
  2226 | D        | Killed a death cob
  2236 | D        | Killed a green draconian
  2237 | D        | Reached skill level 15 in Fighting
  2239 | D        | Killed a green draconian
  2240 | D        | Reached skill level 15 in Dodging
  2240 | D        | Received a gift from Trog
  2327 | D        | Noticed a merfolk avatar
  2336 | D        | Killed a merfolk avatar
  2337 | D        | Reached skill level 18 in Unarmed Combat
  2341 | D        | Identified the amulet "Eddyedghi" {Regen+ Dex+3}
  2341 | D        | Noticed a spriggan defender
  2344 | D        | Killed a spriggan defender
  2344 | D        | Received a gift from Trog
  2345 | D        | Reached XP level 13. HP: 87/150 MP: 12/12
  2361 | D        | Received a gift from Trog
  2385 | D        | Noticed a minotaur
  2393 | D        | Killed a minotaur
  2393 | D        | Identified the +7 falchion "Imp's Demise" {flame, Drain
                  | rPois SInv}
  2404 | D        | Received a gift from Trog
  2733 | D        | Noticed a nagaraja
  2741 | D        | Noticed a lich
  2741 | D        | Noticed a deep elf annihilator
  2744 | D        | Noticed a yellow draconian
  2745 | D        | Killed a nagaraja
  2746 | D        | Noticed a deep elf annihilator
  2749 | D        | Noticed a green draconian monk
  2750 | D        | Noticed a yellow draconian
  2750 | D        | Received a gift from Trog
  2752 | D        | Noticed an ancient lich
  2752 | D        | Noticed a frost giant
  2756 | D        | Killed a lich
  2757 | D        | Reached skill level 19 in Unarmed Combat
  2759 | D        | HP: 4/153 [deep elf high priest/damnation (26)]
  2763 | D        | Noticed an ophan
  2791 | D        | HP: 9/228 [ancient lich/crystal spear (49)]
  2794 | D        | Killed from afar by an ancient lich

Illustrated notes

Levels and vault maps discovered:
D:        pitsprint [storerooms_1, entrance_room_1, metal_vault_2, armoury_1,
          mini_pit_1, grid_room_1, main_hall_1, silver_pit, the_coven_3,
          the_vestibule_1, steel_vault_3, golden_pit, hallway_of_sentries,
          crystal_vault_3, iron_vault_1, final_vault]

Skill      XL: |  1  2  3  4  5  6  7  8  9 10 11 12 13 |
---------------+----------------------------------------+-----
Fighting       | 3 5 6 7 8 9 11 13 14 15 16 | 16.3
Dodging        | 3 5 6 7 8 9 10 13 15 16 | 16.3
Unarmed Combat | 4 6 7 9 10 11 12 15 16 18 19 | 19.1
Armour         | 3 5 7 10 11 13 14 | 14.5

Action                     |  1- 3 |  4- 6 |  7- 9 | 10-12 | 13-15 || total
---------------------------+-------+-------+-------+-------+-------++-------
  Melee: Unarmed           |    24 |    26 |    46 |   223 |    77 ||   396
         Punch             |       |     1 |     5 |    22 |     9 ||    37
 Invoke: Brothers in Arms  |       |       |     4 |     4 |     7 ||    15
         Berserk           |       |       |     1 |     5 |     2 ||     8
         Trog's Hand       |       |       |       |       |     1 ||     1
    Use: Potion            |       |       |       |     8 |     8 ||    16
         Scroll            |       |       |       |     2 |     2 ||     4
   Stab: Sleeping          |     1 |       |       |       |       ||     1
 Armour: Animal skin       |    24 |    33 |       |       |       ||    57
         Steam dragon scal |       |       |    33 |       |       ||    33
         Swamp dragon scal |       |       |     6 |   157 |    59 ||   222
  Dodge: Dodged            |     9 |    13 |    42 |   184 |    58 ||   306

Table legend: (Time is in decaauts)
 A = Elapsed time spent in this place.
 B = Non-inter-level travel time spent in this place.
 C = Inter-level travel time spent in this place.
 D = Time resting spent in this place.
 E = Time spent auto-exploring this place.
 F = Levels seen in this place.
 G = Mean time per level.
                   A        B        C        D        E       F      G
               +--------+--------+--------+--------+--------+-----+--------+
         Total |   2821 |   2721 |    100 |   1129 |    436 |   1 | 2821.0 |
       Dungeon |   2821 |   2721 |    100 |   1129 |    436 |   1 | 2821.0 |
               +--------+--------+--------+--------+--------+-----+--------+

Top non-repeatable levels by time:
       D: 2821 daAuts
